AoeStats
← nap ydnar

Baltic

510937168Analyzed
4v4 RM · 13h ago on Oct 3, 2026· 380m 4s· 8 players
Game mode
Random Map
Map size
Large (8 player)
Population
200
Speed
Normal
Resources
Standard
Victory
Conquest
Starting age
Dark Age
Ending age
Imperial Age
RankedLock teamsTeams togetherTeam positionsShared explorationLock speedFull tech treeHidden civsTurbo modeCheats
Victory
Defeat
🇦🇺 Varangians · Australia
1437
+11
🇺🇸 Persians · United States
1328
+16
🇺🇸 Byzantines · United States
1316
+16
🇨🇦 Spanish · Canada
1071
+26
🇦🇷 Vikings · Argentina
1454
-22
🇨🇦 Dravidians · Canada
1452
-23
🇳🇿 Lithuanians · New Zealand
1257
-15
🇳🇿 Wu · New Zealand
1094
-9
nymets1104
5:31 Loom
12:03 Feudal Age
13:55 Wheelbarrow
13:07 Double-Bit Axe
21:25 Castle Age
20:35 Fishing Lines
22:20 Medium Warships
22:02 Gillnets
23:13 Gold Mining
23:36 Bow Saw
25:23 Fletching
32:06 Bodkin Arrow
32:11 Scale Mail Armor
33:22 Squires
38:28 Chain Mail Armor
38:52 Forging
39:56 Horse Collar
46:40 Imperial Age
45:06 Ballistics
45:37 Padded Archer Armor
47:07 Hand Cart
46:52 Crossbowman
47:39 Thumb Ring
49:12 Leather Archer Armor
53:16 Imperial Age
51:06 Pikeman
52:23 Iron Casting
52:04 Leather Archer Armor
54:44 Bracer
54:54 Heavy Plow
DLC_Denier 69
5:54 Loom
12:48 Feudal Age
13:49 Double-Bit Axe
13:45 Horse Collar
19:00 Castle Age
17:57 Fishing Lines
20:41 Wheelbarrow
20:18 Bow Saw
23:28 Hand Cart
23:15 Gillnets
25:34 Fletching
27:05 Town Watch
28:35 Bodkin Arrow
30:54 Gold Mining
30:54 Stone Mining
31:39 Fervor
32:36 Ballistics
33:06 Stone Shaft Mining
32:53 Guard Tower
33:52 Masonry
36:45 Imperial Age
34:58 Fortified Wall
35:15 Masonry
35:15 Murder Holes
36:20 Devotion
36:38 Town Patrol
36:56 Clinker Construction
36:57 Careening
38:09 Keep
37:42 Bracer
37:53 Arrowslits
39:13 Chemistry
38:05 Arrowslits
39:23 Architecture
40:06 Careening
40:16 Carvel Hull
40:46 Supremacy
40:47 Conscription
41:04 Hoardings
41:28 Padded Archer Armor
41:03 Sappers
41:43 Scale Barding Armor
41:49 Forging
42:37 Shipwright
43:19 Elite Cannon Galleon
44:23 Dry Dock
44:47 Chain Barding Armor
45:03 Iron Casting
44:40 Bloodlines
44:31 Husbandry
44:40 Caravan
44:51 Guilds
46:48 Plate Barding Armor
48:49 Bombard Tower
48:35 Siphons
49:33 Two-Man Saw
48:35 Heavy Plow
50:14 Medium Warships
60:23 Blast Furnace
89:46 Faith
99:39 Block Printing
119:18 Coinage
124:52 Banking
136:47 Inquisition
146:29 Heresy
149:02 Theocracy
190:05 Spies/Treason
286:05 Atonement
286:16 Redemption
288:27 Sanctity
288:35 Illumination
339:16 Man-at-Arms
339:44 Gambesons
339:45 Arson
339:21 Pikeman
340:01 Squires
339:22 Elite Skirmisher
339:23 Heavy Mounted Crossbowman
340:09 Thumb Ring
339:26 Light Cavalry
339:26 Cavalier
340:22 Leather Archer Armor
340:08 Scale Mail Armor
340:08 Herbal Medicine
339:36 Elite Conquistador
340:44 Heavy Warships
339:40 Demolition Ship
340:45 Hussar
340:46 Paladin
340:50 Long Swordsman
340:50 Halberdier
340:52 Capped Ram
340:53 Onager
341:50 Chain Mail Armor
342:05 Ring Archer Armor
341:08 Heavy Demolition Ship
343:36 Plate Mail Armor
353:11 Siege Ram
353:17 Two-Handed Swordsman
355:39 Champion
Linkn00
10:40 Feudal Age
11:50 Double-Bit Axe
12:17 Loom
17:28 Castle Age
19:02 Husbandry
19:09 Scale Barding Armor
19:29 Fishing Lines
21:30 Gillnets
22:17 Medium Warships
22:49 Wheelbarrow
24:11 Bloodlines
27:02 Forging
33:59 Chain Barding Armor
40:57 Imperial Age
39:26 Bow Saw
39:06 Gold Mining
41:09 Iron Casting
41:18 Cavalier
42:55 Plate Barding Armor
44:06 Blast Furnace
42:40 Savar
44:27 Coinage
45:06 Two-Man Saw
43:46 Horse Collar
44:42 Gold Shaft Mining
46:52 Heavy Warships
54:09 Caravan
56:38 Conscription
56:33 Kamandaran
57:43 Hand Cart
58:36 Crossbowman
59:22 Thumb Ring
60:13 Banking
62:02 Chemistry
62:16 Padded Archer Armor
62:06 Fletching
62:19 Padded Archer Armor
62:45 Ballistics
62:38 Light Cavalry
67:44 Bodkin Arrow
68:06 Leather Archer Armor
81:33 Clinker Construction
83:35 Carvel Hull
83:27 Careening
94:32 Elite Cannon Galleon
97:18 Elite Cannon Galleon
110:26 Devotion
110:43 Block Printing
111:07 Theocracy
110:06 Demolition Ship
130:52 Hussar
152:09 Demolition Ship
165:18 Heavy Demolition Ship
278:33 Heavy Demolition Ship
285:33 Capped Ram
286:25 Siege Ram
289:14 Squires
289:28 Pikeman
289:58 Halberdier
290:23 Arson
295:00 Spies/Treason
336:24 Dry Dock
336:10 Siphons
335:57 Guard Tower
hexi
4:40 Loom
12:12 Feudal Age
13:08 Double-Bit Axe
16:09 Castle Age
14:15 Fishing Lines
15:33 Forging
16:05 Fletching
16:52 Bodkin Arrow
20:51 Town Watch
23:57 Ballistics
25:34 Scale Barding Armor
25:39 Forging
25:59 Forging
27:18 Bloodlines
27:57 Bow Saw
29:21 Careening
29:24 Clinker Construction
29:47 Husbandry
31:06 Chain Barding Armor
31:21 Iron Casting
30:49 Gold Mining
30:49 Stone Mining
30:42 Treadmill Crane
31:07 Gillnets
32:44 Vendel Legacy
34:01 Iron Casting
35:07 Wheelbarrow
34:34 Town Patrol
37:54 Imperial Age
36:07 Stone Shaft Mining
36:23 Horse Collar
37:24 Coinage
39:17 Plate Barding Armor
38:39 Cavalier
40:21 Blast Furnace
39:46 Hand Cart
39:57 Devotion
40:51 Bracer
41:45 Banking
42:08 Conscription
42:08 Heavy Plow
43:34 Siege Engineers
43:41 Careening
43:43 Masonry
43:44 Light Cavalry
46:32 Hussar
47:54 Squires
47:39 Arson
50:53 Caravan
51:04 Guilds
51:03 Scale Mail Armor
51:04 Padded Archer Armor
53:05 Elite Varangian Guard
54:08 Chain Mail Armor
53:14 Gothikon
55:07 Two-Man Saw
55:34 Plate Mail Armor
58:51 Arson
59:51 Gambesons
64:17 Town Patrol
65:21 Elite Longship
66:50 Medium Warships
69:09 Carvel Hull
76:54 Shipwright
79:52 Faith
83:58 Chemistry
83:19 Dry Dock
83:30 Architecture
97:34 Illumination
97:44 Theocracy
97:10 Atonement
97:06 Herbal Medicine
103:18 Murder Holes
103:14 Guard Tower
103:29 Siphons
103:35 Fortified Wall
103:15 Heated Shot
105:44 Pikeman
106:44 Halberdier
111:02 Incendiaries
144:58 Medium Warships
149:06 Heavy Warships
151:48 Gothikon
156:36 Elite Jarl
202:42 Fervor
307:38 Spies/Treason
316:06 Man-at-Arms
316:15 Heavy Mounted Crossbowman
316:16 Cranequins
316:17 Elite Skirmisher
316:17 Crossbowman
Ferraa
11:15 Feudal Age
14:59 Castle Age
13:14 Double-Bit Axe
13:17 Horse Collar
16:12 Bow Saw
18:36 Heavy Plow
21:25 Wheelbarrow
21:16 Gold Mining
22:35 Loom
23:05 Scale Barding Armor
23:45 Forging
25:12 Chain Barding Armor
28:51 Iron Casting
29:14 Stone Mining
33:18 Imperial Age
32:00 Stone Shaft Mining
31:43 Hand Cart
33:32 Elite Leitis
34:49 Plate Barding Armor
34:40 Conscription
36:52 Hill Forts
37:50 Fletching
42:39 Bodkin Arrow
43:03 Bloodlines
42:54 Husbandry
45:38 Hoardings
49:05 Masonry
50:39 Caravan
74:55 Town Watch
82:53 Bracer
82:53 Padded Archer Armor
83:15 Ballistics
83:55 Chemistry
83:27 Architecture
82:39 Elite Skirmisher
83:25 Thumb Ring
84:21 Fervor
84:26 Block Printing
84:32 Sanctity
86:26 Crop Rotation
86:59 Two-Man Saw
87:35 Illumination
95:37 Town Patrol
96:24 Treadmill Crane
98:30 Theocracy
99:27 Redemption
105:36 Guard Tower
170:31 Leather Archer Armor
215:21 Keep
214:39 Heated Shot
247:34 Atonement
247:36 Devotion
265:25 Spies/Treason
Foami
10:49 Feudal Age
15:25 Castle Age
19:55 Double-Bit Axe
26:26 Wheelbarrow
25:35 Horse Collar
26:08 Bow Saw
26:32 Heavy Plow
30:43 Imperial Age
28:31 Hand Cart
28:01 Town Watch
28:01 Loom
30:13 Fletching
30:24 Padded Archer Armor
30:35 Forging
30:26 Scale Mail Armor
30:52 Bodkin Arrow
31:26 Town Patrol
32:31 Red Cliffs Tactics
31:53 Elite Fire Archer
32:41 Gold Mining
32:42 Stone Mining
33:19 Ballistics
34:00 Chemistry
34:34 Two-Man Saw
34:43 Gold Shaft Mining
34:43 Stone Shaft Mining
34:34 Conscription
35:35 Bracer
35:50 Leather Archer Armor
36:11 Iron Casting
35:51 Chain Mail Armor
40:29 Blast Furnace
39:59 Plate Mail Armor
41:37 Squires
41:22 Arson
41:00 Pikeman
41:36 Halberdier
42:37 Sitting Tiger
54:41 Caravan
172:52 Guilds
186:17 Spies/Treason
194:42 Light Cavalry
195:33 Bloodlines
195:23 Husbandry
195:56 Hussar
198:44 Scale Barding Armor
260:20 Heavy Hei Guang Cavalry
261:27 Chain Barding Armor
Matteo426
12:29 Feudal Age
13:17 Double-Bit Axe
13:34 Loom
14:09 Town Watch
15:42 Fletching
15:53 Padded Archer Armor
19:17 Castle Age
19:12 Gold Mining
19:22 Crossbowman
20:03 Bodkin Arrow
20:24 Leather Archer Armor
27:14 Ballistics
30:42 Pikeman
34:23 Forging
36:33 Gold Shaft Mining
35:57 Horse Collar
40:26 Imperial Age
41:00 Arbalester
41:42 Bracer
44:09 Chemistry
47:05 Ring Archer Armor
46:21 Town Watch
46:54 Bow Saw
50:09 Scale Mail Armor
50:45 Iron Casting
50:38 Squires
52:34 Siege Engineers
52:56 Elite Skirmisher
57:00 Blast Furnace
56:09 Chieftains
59:36 Arson
62:21 Caravan
65:57 Masonry
65:35 Treadmill Crane
66:20 Chain Mail Armor
67:15 Bogsveigar
67:36 Conscription
66:42 Capped Ram
67:47 Medium Warships
67:27 Elite Longship
68:41 Clinker Construction
68:42 Careening
71:27 Carvel Hull
71:27 Dry Dock
73:42 Siphons
74:22 Heavy Plow
73:58 Siege Ram
75:53 Plate Mail Armor
76:23 Blast Furnace
77:18 Two-Man Saw
77:47 Crop Rotation
79:06 Hoardings
79:47 Town Patrol
85:33 Masonry
86:28 Fervor
86:33 Block Printing
93:05 Coinage
98:42 Onager
115:09 Onager
125:46 Onager
133:00 Architecture
145:35 Banking
195:46 Spies/Treason
199:37 Scale Barding Armor
203:05 Cavalier
212:19 Chain Barding Armor
nap ydnar
7:06 Loom
10:18 Feudal Age
10:21 Man-at-Arms
12:56 Fletching
21:13 Castle Age
19:11 Horse Collar
19:58 Gold Mining
21:39 Double-Bit Axe
21:16 Crossbowman
21:52 Bodkin Arrow
24:45 Town Watch
28:34 Bow Saw
30:53 Medium Warships
31:04 Guard Tower
36:51 Imperial Age
35:12 Ballistics
36:30 Wheelbarrow
36:26 Masonry
37:20 Heated Shot
38:33 Chemistry
38:36 Stone Mining
38:48 Bracer
38:09 Arbalester
39:55 Hand Cart
41:23 Town Patrol
42:24 Heavy Warships
49:00 Caravan
51:10 Pikeman
51:50 Squires
52:01 Scale Mail Armor
52:12 Forging
52:02 Padded Archer Armor
52:23 Halberdier
61:37 Chain Mail Armor
61:58 Iron Casting
64:43 Siphons
64:50 Clinker Construction
64:51 Careening
66:52 Shipwright
79:03 Heavy Plow
84:42 Block Printing
84:48 Sanctity
85:58 Theocracy
119:00 Siege Elephant
121:24 Conscription
146:26 Elite Elephant Archer
147:12 Thumb Ring
147:24 Leather Archer Armor
149:04 Ring Archer Armor
159:33 Dry Dock
Connection lost

Rejoining the realm…

Still unreachable

The connection could not be restored.

Session expired

The server has moved on; the page needs a fresh start.